[Event "2nd Turkish League 2017"]
[Site "Konya"]
[Date "2017.07.21"]
[Round "7"]
[White "Hafizoglu, Bengi"]
[Black "Catal, Uktenur"]
[Result "0-1"]
[ECO "A45"]
[WhiteElo "1415"]
[BlackElo "1613"]
[Annotator "NA"]
[PlyCount "98"]
[EventType "team-tourn"]
[EventCountry "TUR"]
[SourceTitle "playchess.com"]
[Source "ChessBase"]
[SourceQuality "1"]
[TimeControl "5400+30"]

1. d4 Nf6 2. Bg5 Ne4 3. Bf4 c5 4. f3 Qa5+ 5. c3 Nf6 6. Nd2 cxd4 7. Nb3 Qb6 8. Qxd4 Qxd4 9. cxd4 d5 10. e3 a6 11. Bd3 Nc6 12. a3 e6 13. e4 dxe4 14. fxe4 Be7 15. Nf3 h6 16. h3 g5 17. Bh2 O-O 18. O-O Rd8 19. Rad1 Kg7 20. Bc2 g4 21. hxg4 Nxg4 22. Bf4 f6 23. d5 exd5 24. exd5 Nce5 25. Rfe1 Bd6 26. Nxe5 fxe5 27. Bg3 h5 28. Bh4 Re8 29. Be4 b6 30. Rd2 Bd7 31. Bf2 Nxf2 32. Kxf2 Rf8+ 33. Kg1 Rf4 34. Rf2 Raf8 35. Rxf4 Rxf4 36. Bf3 h4 37. Re4 Kf6 38. Kf2 Kf5 39. Nd2 Bc5+ 40. Ke1 Bd4 41. b3 Bc3 42. Rxf4+ Kxf4 43. Ke2 Bxd2 44. Kxd2 h3 45. Ke2 h2 46. g3+ Kxg3 47. Bh1 Kf4 48. Kf2 e4 49. Ke2 Ke5 0-1

[Event "2nd Turkish League 2017"]
[Site "Konya"]
[Date "2017.07.22"]
[Round "8"]
[White "Lomsadze, Davit"]
[Black "Rzayev, Bahruz"]
[Result "1/2-1/2"]
[ECO "A08"]
[WhiteElo "2335"]
[BlackElo "2386"]
[Annotator "NA"]
[PlyCount "62"]
[EventType "team-tourn"]
[EventCountry "TUR"]
[SourceTitle "playchess.com"]
[Source "ChessBase"]
[SourceQuality "1"]
[TimeControl "5400+30"]

1. Nf3 d5 2. g3 c5 3. Bg2 Nc6 4. O-O e5 5. d3 Nf6 6. Bg5 Be7 {[%emt 0:03:30] LiveBook: 35 Games} 7. Nbd2 O-O 8. e4 Be6 9. Bxf6 Bxf6 10. exd5 Bxd5 11. Re1 Re8 12. Ne4 Bxe4 13. dxe4 $11 b5 14. Qxd8 Rexd8 15. Red1 Rxd1+ 16. Rxd1 Rd8 17. Rxd8+ Bxd8 18. Bf1 b4 19. Bb5 Nd4 20. Nxd4 cxd4 21. h4 Kf8 22. Kg2 Ke7 23. Bc4 a5 24. b3 h5 25. Be2 g6 26. Bd3 Kf6 27. Bc4 Bb6 28. Kf3 Kg7 29. Bd3 f6 30. Kg2 Kh6 31. Kh3 g5 1/2-1/2

[Event "2nd Turkish League 2017"]
[Site "Konya"]
[Date "2017.07.22"]
[Round "8"]
[White "Aytekin, Murat Eren"]
[Black "Ozdemir, Ali"]
[Result "1-0"]
[ECO "D17"]
[WhiteElo "2201"]
[BlackElo "1762"]
[Annotator "NA"]
[PlyCount "59"]
[EventType "team-tourn"]
[EventCountry "TUR"]
[SourceTitle "playchess.com"]
[Source "ChessBase"]
[SourceQuality "1"]
[TimeControl "5400+30"]

1. d4 d5 2. c4 c6 3. Nf3 Nf6 4. Nc3 dxc4 5. a4 Bf5 6. Ne5 Nbd7 7. Nxc4 Qc7 8. g3 e5 9. dxe5 Nxe5 10. Bf4 Nfd7 11. Bg2 g5 12. Ne3 gxf4 13. Nxf5 O-O-O 14. O-O {[%emt 0:03:00] LiveBook: 51 Games} ({But not} 14. gxf4 Nc5 $15) 14... Nc5 15. Qc2 fxg3 16. hxg3 a5 17. Rfd1 h5 18. Rxd8+ Qxd8 19. Ne4 Nxe4 20. Qxe4 $11 Qf6 21. Rc1 Bb4 22. Nd4 Rd8 23. e3 Rd6 24. b3 Ng4 25. Bf3 Qg6 26. Nb5 Re6 27. Qd4 Ne5 28. Bg2 Nd7 29. Rd1 Re7 30. Qh8+ 1-0

[Event "2nd Turkish League 2017"]
[Site "Konya"]
[Date "2017.07.22"]
[Round "8"]
[White "Ataman, Alper Efe"]
[Black "Yalim, Suleyman"]
[Result "1/2-1/2"]
[ECO "D36"]
[WhiteElo "2175"]
[BlackElo "2039"]
[Annotator "NA"]
[PlyCount "60"]
[EventType "team-tourn"]
[EventCountry "TUR"]
[SourceTitle "playchess.com"]
[Source "ChessBase"]
[SourceQuality "1"]
[TimeControl "5400+30"]

1. d4 Nf6 2. c4 e6 3. Nc3 d5 4. cxd5 exd5 5. Bg5 Nbd7 6. e3 c6 7. Qc2 Bd6 8. Bd3 Qe7 9. Nge2 Nf8 10. O-O-O Ne6 11. Bh4 g5 12. Bg3 Bd7 13. Kb1 h5 14. h4 g4 15. Rhe1 Bxg3 16. Nxg3 O-O-O 17. Nf5 Qf8 18. Qb3 Ng7 19. Ng3 Kb8 20. Na4 Ka8 21. Nc5 Bc8 22. Rc1 Qd6 23. Qa4 Nd7 24. Rc3 Nxc5 25. dxc5 Qf6 26. Ra3 a6 27. Qb4 Rhe8 28. Bxa6 bxa6 29. Qb6 Bb7 30. Rxa6+ Bxa6 1/2-1/2

[Event "2nd Turkish League 2017"]
[Site "Konya"]
[Date "2017.07.22"]
[Round "8"]
[White "Duman, Aydin"]
[Black "Koksal, Recep"]
[Result "1-0"]
[ECO "C50"]
[WhiteElo "2056"]
[BlackElo "1736"]
[Annotator "NA"]
[PlyCount "223"]
[EventType "team-tourn"]
[EventCountry "TUR"]
[SourceTitle "playchess.com"]
[Source "ChessBase"]
[SourceQuality "1"]
[TimeControl "5400+30"]

1. e4 e5 2. Nf3 Nc6 3. Bc4 Bc5 4. d3 Nf6 5. a4 a5 6. c3 O-O 7. Bg5 h6 8. Bh4 Be7 9. Na3 d6 10. Qb3 Nd7 11. Bg3 Nc5 12. Qc2 Bg4 13. Nd2 Bg5 14. O-O Ne6 15. f3 Bh5 16. Bxe6 fxe6 17. Ndc4 Bf4 18. Bxf4 Rxf4 19. Nb5 Qe7 20. d4 Raf8 21. Ne3 Qg5 22. Nxc7 Rxf3 23. Rxf3 Bxf3 24. Re1 Bg4 25. d5 Nd8 26. Nxg4 Qxg4 27. dxe6 Nxe6 28. Nxe6 Qxe6 29. h3 Qc4 30. Qd2 Qc5+ 31. Qe3 Qc6 32. b3 b5 33. axb5 Qxb5 34. c4 Qb4 35. Rd1 Rf6 36. Ra1 Rf4 37. g3 Rf6 38. Ra4 Qb8 39. Rxa5 Rf3 40. Qxf3 Qb6+ 41. Kg2 Qxa5 42. Qd3 Kh7 43. h4 Qa2+ 44. Kh3 h5 45. Qf3 Kg8 46. g4 hxg4+ 47. Kxg4 Qd2 48. h5 Qh6 49. b4 Qe6+ 50. Kg5 Qe7+ 51. Kg4 Qe6+ 52. Qf5 Qxc4 53. h6 Qe2+ 54. Qf3 Qc4 55. Kh5 gxh6 56. Qg4+ Kf8 57. Kxh6 Ke8 58. Kg7 Qf7+ 59. Kh8 Qf8+ 60. Kh7 Qf7+ 61. Kh6 Qf4+ 62. Kh5 Qf7+ 63. Kg5 Qe7+ 64. Kh6 Qf8+ 65. Kh5 Qh8+ 66. Kg5 Qg7+ 67. Kh4 Qf6+ 68. Kg3 Qf1 69. Qe6+ Kd8 70. Qxd6+ Kc8 71. Qc5+ Kd7 72. Qd5+ Kc8 73. Kg4 Qf4+ 74. Kh5 Kc7 75. Kg6 Kb6 76. Qc5+ Kb7 77. Qe7+ Kb6 78. Qf6+ Kb7 79. Qf5 Kb6 80. Qf6+ Kb7 81. Qe7+ Kb6 82. Qd6+ Kb7 83. Qd5+ Kb6 84. Qa5+ Kb7 85. Qb5+ Kc7 86. Qc4+ Kb7 87. b5 Qg4+ 88. Kf6 Qf4+ 89. Ke6 Qg4+ 90. Kd6 Qg6+ 91. Ke7 Qh7+ 92. Kd6 Qg6+ 93. Kxe5 Qg7+ 94. Kd5 Qd7+ 95. Kc5 Qe7+ 96. Kd4 Qf6+ 97. e5 Qf2+ 98. Kd5 Qd2+ 99. Qd4 Qg5 100. Kc4 Qc1+ 101. Qc3 Qf4+ 102. Kb3 Qf7+ 103. Kb2 Qf2+ 104. Ka3 Qf8+ 105. Ka4 Qa8+ 106. Qa5 Qh8 107. Qa6+ Kb8 108. Qd6+ Kb7 109. Ka5 Qh2 110. Qd5+ Kb8 111. Ka6 Qh7 112. Qd8# 1-0

[Event "2nd Turkish League 2017"]
[Site "Konya"]
[Date "2017.07.22"]
[Round "8"]
[White "Buker, Muhittin"]
[Black "Demirag, Batuhan"]
[Result "1/2-1/2"]
[ECO "E61"]
[WhiteElo "2006"]
[BlackElo "1914"]
[Annotator "NA"]
[PlyCount "122"]
[EventType "team-tourn"]
[EventCountry "TUR"]
[SourceTitle "playchess.com"]
[Source "ChessBase"]
[SourceQuality "1"]
[TimeControl "5400+30"]

1. d4 d6 2. Nf3 Nf6 3. e3 g6 4. Be2 Bg7 5. c4 Nbd7 6. Nc3 c5 7. O-O O-O 8. b3 b6 9. Bb2 Bb7 10. Qc2 cxd4 11. exd4 d5 12. Rad1 Rc8 13. Ne5 a6 14. f4 e6 15. Bf3 Qc7 16. Qe2 dxc4 17. Bxb7 Qxb7 18. bxc4 Rfe8 19. g4 Bf8 20. g5 Nh5 21. Ne4 Be7 22. Qf3 Rc7 23. d5 Nxe5 24. fxe5 Bc5+ 25. Kg2 Bf8 26. d6 Rd7 27. Nf6+ Nxf6 28. Qxb7 Rxb7 29. gxf6 Rc8 30. Ba3 Rd7 31. Rd4 Bh6 32. Kf3 Rc6 33. Rb1 Bf8 34. Ke4 h5 35. Bb4 Bh6 36. a4 Kh7 37. h4 Kg8 38. Ba3 Kh7 39. c5 bxc5 40. Rc4 Bd2 41. Rxc5 Rxc5 42. Bxc5 g5 43. hxg5 Kg6 44. Rd1 Bxg5 45. Rg1 Kh6 46. Be3 Bxe3 47. Kxe3 h4 48. Kf4 Rb7 49. Rd1 Rd7 50. Kg4 Kg6 51. a5 h3 52. Rd2 Rd8 53. Rf2 Rb8 54. Kxh3 Kg5 55. Kg3 Rc8 56. Rf3 Rb8 57. Rf2 Rb3+ 58. Rf3 Rb8 59. Re3 Kf5 60. Kf3 Rb2 61. Re2 Rb3+ 1/2-1/2

[Event "2nd Turkish League 2017"]
[Site "Konya"]
[Date "2017.07.22"]
[Round "8"]
[White "Ibik, Halit Yavuz"]
[Black "Cubukcuoglu, Basar"]
[Result "1-0"]
[ECO "C96"]
[WhiteElo "2004"]
[BlackElo "1548"]
[Annotator "NA"]
[PlyCount "109"]
[EventType "team-tourn"]
[EventCountry "TUR"]
[SourceTitle "playchess.com"]
[Source "ChessBase"]
[SourceQuality "1"]
[TimeControl "5400+30"]

1. e4 e5 2. Nf3 Nc6 3. Bb5 a6 4. Ba4 Nf6 5. O-O Be7 6. Re1 b5 7. Bb3 d6 8. c3 Na5 9. Bc2 c5 10. h3 O-O 11. d4 Nd7 12. Nbd2 Re8 13. Nf1 Bf8 14. Ne3 Nc6 15. Nf5 Qc7 16. a4 b4 17. Bb3 Na5 18. dxc5 Nxb3 19. Qxb3 Nxc5 20. Qc2 Rb8 21. Ne3 bxc3 22. bxc3 Be6 23. Nd2 Qd7 24. Nd5 f5 25. c4 Bxd5 26. exd5 e4 27. Nf1 Nd3 28. Rd1 Rec8 29. Be3 Nb2 30. Rdb1 Rxc4 31. Qxc4 Nxc4 32. Rxb8 Qf7 33. Rab1 Qxd5 34. R1b7 Qc6 35. Bg5 Ne5 36. Be7 Ng6 37. Bxf8 Nxf8 38. Ra7 Qc3 39. Raa8 Qf6 40. Rxf8+ Qxf8 41. Rxf8+ Kxf8 42. Ne3 g6 43. Nd5 a5 44. Ne3 Ke7 45. Nc4 d5 46. Nxa5 Kd6 47. Nb3 Kc6 48. Kf1 Kb6 49. Ke2 d4 50. Nxd4 Ka5 51. Ne6 h6 52. g4 Kxa4 53. gxf5 gxf5 54. Ke3 Ka5 55. Ng7 1-0

[Event "2nd Turkish League 2017"]
[Site "Konya"]
[Date "2017.07.22"]
[Round "8"]
[White "Aydin, Ersin"]
[Black "Ozturk, Emir"]
[Result "0-1"]
[ECO "D31"]
[WhiteElo "1922"]
[BlackElo "2202"]
[Annotator "NA"]
[PlyCount "113"]
[EventType "team-tourn"]
[EventCountry "TUR"]
[SourceTitle "playchess.com"]
[Source "ChessBase"]
[SourceQuality "1"]
[TimeControl "5400+30"]

1. d4 d5 2. c4 e6 3. Nf3 a6 4. cxd5 exd5 5. Nc3 c6 6. Bf4 Bd6 {[%emt 0:00:30] LiveBook: 44 Games} 7. Bg3 Ne7 8. e3 Nf5 9. Bd3 Nxg3 10. hxg3 h6 11. Qc2 Be6 12. O-O-O Nd7 13. Kb1 Nf6 $14 14. Ng5 Kd7 15. Nxe6 fxe6 16. e4 dxe4 17. Nxe4 Nxe4 18. Bxe4 Qf6 19. Rhe1 Rad8 20. Re3 Bc7 21. Rf3 Qg5 22. Rb3 Kc8 23. f4 Qa5 24. Ra3 Qb6 25. Rb3 Qa7 26. Qc4 Rd6 27. Rbd3 Rhd8 28. f5 exf5 29. Bxf5+ Kb8 30. Be4 Qb6 31. a3 Ka7 32. Bf3 Qb5 33. Qxb5 axb5 34. Kc2 R6d7 35. g4 Re8 36. b4 Bd6 37. Kb3 Kb6 38. d5 c5 39. bxc5+ Bxc5 40. Kb2 Bd6 41. R1d2 Rde7 42. Kb3 Re3 43. Kb2 Re1 44. Rd1 R1e3 45. R1d2 Ka5 46. Bd1 Re1 47. Kb3 R8e3 48. Kb2 Re4 49. Rb3 R1e3 50. Rdd3 Rxd3 51. Rxd3 Re1 52. Kb3 Rg1 53. Bf3 Rb1+ 54. Ka2 Re1 55. Bd1 Kb6 56. Bf3 Kc5 57. Kb3 0-1

[Event "2nd Turkish League 2017"]
[Site "Konya"]
[Date "2017.07.22"]
[Round "8"]
[White "Ozcelik, Ali Kaan"]
[Black "Alaz, Ahmet Efekan"]
[Result "1-0"]
[ECO "D15"]
[WhiteElo "1911"]
[BlackElo "2015"]
[Annotator "NA"]
[PlyCount "191"]
[EventType "team-tourn"]
[EventCountry "TUR"]
[SourceTitle "playchess.com"]
[Source "ChessBase"]
[SourceQuality "1"]
[TimeControl "5400+30"]

1. d4 c6 2. c4 d5 3. Nc3 Nf6 4. Nf3 a6 5. e3 b5 6. cxd5 cxd5 7. Bd3 Bb7 8. O-O Nbd7 9. Ne5 e6 10. f4 Be7 11. a3 O-O 12. Qf3 Nb6 13. Qh3 Ne4 14. f5 exf5 15. Qxf5 g6 16. Qf3 f6 17. Ng4 f5 18. Ne5 Bd6 19. Ne2 Qc7 20. b3 Bxe5 21. dxe5 Qxe5 22. Nd4 Nd7 23. Qe2 Qe7 24. Bb2 Ne5 25. Nf3 Ng4 26. Bd4 Nc5 27. h3 Nf6 28. Rab1 Rac8 29. Ne5 Nfd7 30. Nxd7 Qxd7 31. Rfd1 Rfe8 32. Qf2 Ne6 33. Ba1 Qe7 34. Qb2 Qg7 35. Qf2 Qe7 36. Qg3 Ng7 37. Bd4 Rc7 38. Rf1 Nh5 39. Qf3 Rf8 40. b4 Rf7 41. Rbc1 Qd6 42. Rxc7 Qxc7 43. Re1 Ng3 44. Qf2 Re7 45. Bf6 Rf7 46. Ba1 Nh5 47. Qb2 Ng7 48. Qd4 Re7 49. Bb2 Qg3 50. Re2 Qd6 51. Rc2 Qe6 52. Re2 Rc7 53. Rc2 Re7 54. Re2 Qf7 55. Rc2 Rc7 56. Rc5 Kf8 57. Be2 Ne6 58. Qh8+ Qg8 59. Qf6+ Qf7 60. Qh8+ Qg8 61. Qe5 Rxc5 62. bxc5 Kf7 63. Qf6+ Ke8 64. Be5 Qf7 65. Qh8+ Nf8 66. Bd6 Bc6 67. Bf3 a5 68. Qc3 Qe6 69. Kf2 a4 70. Qh8 Qf7 71. h4 Bb7 72. Qc3 Bc6 73. g3 Kd7 74. Qa5 Ke6 75. Qb6 Qb7 76. Bxf8 b4 77. Qxb4 Qxb4 78. axb4 Kf7 79. Bd6 Ke6 80. b5 Bxb5 81. Bc7 Bc4 82. Ba5 Kd7 83. Bd1 a3 84. Ba4+ Kc8 85. Bc3 a2 86. Kf3 h6 87. Kf4 Bd3 88. Ke5 g5 89. hxg5 hxg5 90. Kxd5 f4 91. exf4 gxf4 92. gxf4 Bg6 93. Kd6 Bf5 94. Bb3 Bb1 95. c6 Bf5 96. Bxa2 1-0

[Event "2nd Turkish League 2017"]
[Site "Konya"]
[Date "2017.07.22"]
[Round "8"]
[White "Kuruz, Yusuf"]
[Black "Celik, Berkay"]
[Result "0-1"]
[ECO "A30"]
[WhiteElo "1906"]
[BlackElo "1963"]
[Annotator "NA"]
[PlyCount "130"]
[EventType "team-tourn"]
[EventCountry "TUR"]
[SourceTitle "playchess.com"]
[Source "ChessBase"]
[SourceQuality "1"]
[TimeControl "5400+30"]

1. c4 Nf6 2. Nf3 e6 3. b3 c5 4. Bb2 b6 5. g3 Bb7 6. Bg2 Be7 7. O-O d5 8. Ne5 Nc6 9. e3 Qc7 10. Nxc6 Bxc6 11. Qf3 Rc8 12. d3 O-O 13. Nd2 Rfd8 14. Rfd1 Qb8 15. Qe2 Qb7 16. Nf3 dxc4 17. dxc4 Ng4 18. Rxd8+ Rxd8 19. Rd1 f6 20. Ne1 Nh6 21. Rxd8+ Bxd8 22. Bxc6 Qxc6 23. Qd3 Nf7 24. e4 Qd6 25. f3 Bc7 26. Qxd6 Bxd6 27. Nd3 Kf8 28. Kf2 Ke7 29. Ke3 Nd8 30. e5 Bc7 31. f4 Nc6 32. Ke4 Kf7 33. g4 Ne7 34. Kf3 Kg6 35. h3 f5 36. g5 h6 37. gxh6 Kxh6 38. Ne1 g5 39. Bc1 Kh5 40. Kg3 Ng6 41. Nd3 Bd8 42. Bb2 g4 43. Bc1 Be7 44. Bd2 Nh4 45. Ne1 Ng6 46. Nd3 a5 47. Bc1 Bh4+ 48. Kg2 Ne7 49. Be3 Nc6 50. Bf2 Bxf2 51. Nxf2 Nb4 52. hxg4+ fxg4 53. a4 Nc2 54. Ne4 Kh4 55. Ng5 Nd4 56. Kf2 g3+ 57. Kg2 Kg4 58. Ne4 Ne2 59. f5 Nf4+ 60. Kg1 exf5 61. Nf6+ Kf3 62. e6 Nxe6 63. Nd7 g2 64. Ne5+ Kg3 65. b4 Nd4 0-1

[Event "2nd Turkish League 2017"]
[Site "Konya"]
[Date "2017.07.22"]
[Round "8"]
[White "Ozgur, Isa"]
[Black "Kerem, Halil Ozgun"]
[Result "0-1"]
[ECO "A13"]
[WhiteElo "1904"]
[BlackElo "2074"]
[Annotator "NA"]
[PlyCount "68"]
[EventType "team-tourn"]
[EventCountry "TUR"]
[SourceTitle "playchess.com"]
[Source "ChessBase"]
[SourceQuality "1"]
[TimeControl "5400+30"]

1. Nf3 d5 2. c4 e6 3. g3 Nf6 4. Bg2 a6 5. O-O Be7 6. b3 dxc4 7. bxc4 c5 8. Nc3 O-O 9. Rb1 Nc6 10. Ba3 Rb8 11. d4 cxd4 12. Bxe7 Qxe7 13. Nxd4 Nxd4 14. Qxd4 Qc7 15. c5 Bd7 16. Rfc1 Rfc8 17. Ne4 Nxe4 18. Bxe4 Bc6 19. Bxc6 Qxc6 20. Qd6 h6 21. Qxc6 Rxc6 22. Rb6 Rbc8 23. Rxb7 Rxc5 24. Rxc5 Rxc5 25. Ra7 Ra5 26. e3 g5 27. g4 Kg7 28. Kg2 Rxa2 29. h3 a5 30. Kg3 a4 31. Kg2 a3 32. Kg3 Ra1 33. f4 a2 34. Kf2 Rh1 0-1

[Event "2nd Turkish League 2017"]
[Site "Konya"]
[Date "2017.07.22"]
[Round "8"]
[White "Bayraktar, Armagan"]
[Black "Aktas, Ilker"]
[Result "0-1"]
[ECO "B90"]
[WhiteElo "1889"]
[BlackElo "1905"]
[Annotator "NA"]
[PlyCount "70"]
[EventType "team-tourn"]
[EventCountry "TUR"]
[SourceTitle "playchess.com"]
[Source "ChessBase"]
[SourceQuality "1"]
[TimeControl "5400+30"]

1. e4 c5 2. Nf3 d6 3. d4 cxd4 4. Nxd4 Nf6 5. Nc3 a6 6. Be3 e5 7. Nb3 Be7 8. Qd2 Be6 9. f3 Nbd7 10. O-O-O O-O 11. Kb1 b5 12. g4 b4 13. Nd5 Bxd5 14. exd5 Nb6 15. Na5 Nfxd5 16. Nc6 Qc7 17. Nxe7+ Qxe7 18. Bxb6 Nxb6 19. Qxb4 Rfb8 20. Be2 Nd5 21. Qa3 Nf4 22. Bc4 Rb6 23. h4 Qc7 24. Qe3 Rab8 25. Bb3 a5 26. Ka1 Rb4 27. c3 R4b5 28. Rh2 Qb7 29. Rhd2 Rb6 30. Qxe5 Ne6 31. Bxe6 Rxb2 32. Qf5 fxe6 33. Qxe6+ Kh8 34. Qe4 Qb6 35. Qe2 Rb1+ 0-1

[Event "2nd Turkish League 2017"]
[Site "Konya"]
[Date "2017.07.22"]
[Round "8"]
[White "Caglar, Sadullah B."]
[Black "Atayman, Evren"]
[Result "0-1"]
[ECO "E61"]
[WhiteElo "1835"]
[BlackElo "1593"]
[Annotator "NA"]
[PlyCount "74"]
[EventType "team-tourn"]
[EventCountry "TUR"]
[SourceTitle "playchess.com"]
[Source "ChessBase"]
[SourceQuality "1"]
[TimeControl "5400+30"]

1. d4 Nf6 2. c4 c5 3. e3 g6 4. Nc3 Bg7 5. Nf3 O-O 6. d5 d6 7. h3 e5 8. Bd3 a6 9. Qc2 b5 10. cxb5 axb5 11. Bxb5 Na6 12. Bc4 Nb4 13. Qb1 e4 14. Nd2 Nd3+ 15. Bxd3 exd3 16. Qxd3 Ba6 17. Nc4 Nd7 18. O-O Ne5 19. Qc2 Bxc4 20. Rd1 Ba6 21. b3 c4 22. bxc4 Nxc4 23. Rb1 Qa5 24. Rb3 Rac8 25. Rd3 Rc7 26. Rd4 Rfc8 27. Qe4 Be5 28. f4 f5 29. Qf3 Bxd4 30. exd4 Ne5 31. dxe5 Rxc3 32. Be3 Rxb3 33. axb3 dxe5 34. fxe5 Qa1+ 35. Kh2 Qxe5+ 36. Bf4 Qe4 37. Qg3 Qxd5 0-1

[Event "2nd Turkish League 2017"]
[Site "Konya"]
[Date "2017.07.22"]
[Round "8"]
[White "Altunbay, Onder"]
[Black "Yakar, Ozan Tuna"]
[Result "1/2-1/2"]
[ECO "B22"]
[WhiteElo "1830"]
[BlackElo "1718"]
[Annotator "NA"]
[PlyCount "71"]
[EventType "team-tourn"]
[EventCountry "TUR"]
[SourceTitle "playchess.com"]
[Source "ChessBase"]
[SourceQuality "1"]
[TimeControl "5400+30"]

1. e4 c5 2. Nf3 e6 3. c3 d5 4. exd5 Qxd5 5. d4 Nf6 6. Be2 Be7 7. O-O O-O 8. Be3 cxd4 9. cxd4 Nc6 10. Nc3 Qd6 11. Qd2 Rd8 12. Rfd1 b6 13. Bf4 Qd7 14. Ne5 Nxe5 15. dxe5 Qxd2 16. Rxd2 Rxd2 17. exf6 Rxe2 18. fxe7 Ba6 19. Rd1 Re8 20. Nxe2 Bxe2 21. Rd7 a6 22. Rb7 f6 23. Bd6 Kf7 24. Rxb6 Rc8 25. h3 Bb5 26. b3 Rc1+ 27. Kh2 Rc6 28. Rxc6 Bxc6 29. f4 Ke8 30. Kg3 Kd7 31. Bc5 Kc7 32. Kf2 Be8 33. Ke3 Kc6 34. b4 Kd5 35. Bb6 Bb5 36. g3 1/2-1/2

[Event "2nd Turkish League 2017"]
[Site "Konya"]
[Date "2017.07.22"]
[Round "8"]
[White "Kutlu, Sedat"]
[Black "Okay, Ilkin Ege"]
[Result "0-1"]
[ECO "B15"]
[WhiteElo "1824"]
[BlackElo "1973"]
[Annotator "NA"]
[PlyCount "100"]
[EventType "team-tourn"]
[EventCountry "TUR"]
[SourceTitle "playchess.com"]
[Source "ChessBase"]
[SourceQuality "1"]
[TimeControl "5400+30"]

1. e4 c6 2. Nc3 d5 3. Nf3 g6 4. d4 Bg7 5. exd5 cxd5 6. Bf4 Nf6 7. Bb5+ Bd7 8. Qd3 O-O 9. Bxd7 Nbxd7 10. O-O-O Rc8 11. Kb1 b5 12. Nd2 b4 13. Ne2 Rc6 14. f3 Qa5 15. Nb3 Qb6 16. g4 Rfc8 17. Rd2 a5 18. h4 a4 19. Nbc1 Rc3 20. bxc3 bxc3+ 21. Nb3 cxd2 22. h5 axb3 23. cxb3 gxh5 24. Qxd2 hxg4 25. Bh6 Nh5 26. Be3 gxf3 27. Nc3 Qg6+ 28. Kb2 Ndf6 29. b4 Ng3 30. Rg1 Nfe4 31. Nxe4 Nxe4 32. Qd1 Qb6 33. a3 Rc3 34. Qa4 Rc8 35. Qd7 Qc7 36. Qxc7 Rxc7 37. Bh6 f2 38. Rxg7+ Kf8 39. Rg4+ Ke8 40. Rf4 Rc6 41. Bg7 Rg6 42. Be5 f6 43. Bb8 Kd7 44. b5 Kc8 45. Ba7 Rg1 46. a4 f1=Q 47. Rxf1 Rxf1 48. a5 Nd6 49. Bc5 Nxb5 50. Bxe7 Kb7 0-1

[Event "2nd Turkish League 2017"]
[Site "Konya"]
[Date "2017.07.22"]
[Round "8"]
[White "Guney, Gamze Nur"]
[Black "Bayrak, Asli"]
[Result "1-0"]
[ECO "D13"]
[WhiteElo "1776"]
[BlackElo "2056"]
[Annotator "NA"]
[PlyCount "115"]
[EventType "team-tourn"]
[EventCountry "TUR"]
[SourceTitle "playchess.com"]
[Source "ChessBase"]
[SourceQuality "1"]
[TimeControl "5400+30"]

1. d4 d5 2. c4 c6 3. Nf3 Nf6 4. cxd5 cxd5 5. Nc3 Nc6 6. a3 e6 7. Bg5 Be7 8. e3 Bd7 9. Bd3 Rc8 10. h3 Na5 11. O-O Nc4 12. Qe2 b5 13. Rfc1 a6 14. Bxf6 Bxf6 15. e4 dxe4 16. Nxe4 O-O 17. Nxf6+ Qxf6 18. Bxc4 bxc4 19. Ne5 Rfd8 20. a4 Qf4 21. Rxc4 Rxc4 22. Qxc4 Rc8 23. Qxa6 Qxd4 24. Nxd7 Qxd7 25. Qe2 h6 26. a5 Qd4 27. a6 Rc7 28. Rd1 Qb6 29. Qd3 Rc8 30. b3 Ra8 31. Ra1 Kf8 32. Qc4 Ra7 33. Ra4 Ke7 34. Qh4+ f6 35. Qc4 e5 36. b4 Rc7 37. Qg4 Rc1+ 38. Kh2 Qxf2 39. Qxg7+ Ke6 40. Qg8+ Ke7 41. Qg7+ Ke6 42. Qg4+ Ke7 43. Qe4 Qg1+ 44. Kg3 Rc3+ 45. Kh4 Qf2+ 46. Kh5 Rc4 47. Qh7+ Kd6 48. g4 Qe3 49. h4 Qf4 50. Qf5 Qg3 51. Qxf6+ Kd5 52. Ra5+ Kd4 53. Qd6+ Ke4 54. Qg6+ Kf3 55. Qd3+ Kg2 56. Qxg3+ Kxg3 57. Ra3+ Kf4 58. a7 1-0

[Event "2nd Turkish League 2017"]
[Site "Konya"]
[Date "2017.07.22"]
[Round "8"]
[White "Simsek, Meltem"]
[Black "Boy, Melike"]
[Result "1-0"]
[ECO "A16"]
[WhiteElo "1752"]
[BlackElo "1265"]
[Annotator "NA"]
[PlyCount "71"]
[EventType "team-tourn"]
[EventCountry "TUR"]
[SourceTitle "playchess.com"]
[Source "ChessBase"]
[SourceQuality "1"]
[TimeControl "5400+30"]

1. c4 Nf6 2. Nc3 g6 3. g3 Bg7 4. Bg2 O-O 5. e3 d6 6. Nge2 Nbd7 7. O-O c6 8. Rb1 Qc7 9. b3 Re8 10. d4 e5 11. Bb2 Kh8 12. h3 Ng8 13. dxe5 dxe5 14. Ne4 Bf8 15. Qd2 Nc5 16. Nxc5 Bxc5 17. b4 Bf8 18. f4 Bg7 19. fxe5 Bxe5 20. Bxe5+ Qxe5 21. Qd4 Qxd4 22. Nxd4 Rxe3 23. Rxf7 Rxg3 24. Nf3 Bxh3 25. Kh2 Be6 26. Rxb7 Rg4 27. Bh3 Re4 28. Ng5 Re2+ 29. Kg3 Nf6 30. Bxe6 Ne4+ 31. Nxe4 Rxe4 32. Bf7 h5 33. Rd1 Rf8 34. Rdd7 Rg4+ 35. Kf3 g5 36. Ke3 1-0

[Event "2nd Turkish League 2017"]
[Site "Konya"]
[Date "2017.07.22"]
[Round "8"]
[White "Koc, Serkan"]
[Black "Yasin, Hur"]
[Result "0-1"]
[ECO "B27"]
[WhiteElo "1719"]
[BlackElo "2022"]
[Annotator "NA"]
[PlyCount "26"]
[EventType "team-tourn"]
[EventCountry "TUR"]
[SourceTitle "playchess.com"]
[Source "ChessBase"]
[SourceQuality "1"]
[TimeControl "5400+30"]

1. e4 c5 2. Nf3 g6 3. c3 d5 4. exd5 Qxd5 5. Na3 Bg7 6. Bc4 Qe4+ 7. Be2 a6 8. O-O b5 9. Re1 Qc6 10. d4 Bb7 11. dxc5 Nd7 12. b4 Bxc3 13. Nd4 Qxg2# 0-1

[Event "2nd Turkish League 2017"]
[Site "Konya"]
[Date "2017.07.22"]
[Round "8"]
[White "Koc, Dogan Mehmet"]
[Black "Acar, Utku Cengiz"]
[Result "1-0"]
[ECO "E88"]
[WhiteElo "1712"]
[BlackElo "1863"]
[Annotator "NA"]
[PlyCount "137"]
[EventType "team-tourn"]
[EventCountry "TUR"]
[SourceTitle "playchess.com"]
[Source "ChessBase"]
[SourceQuality "1"]
[TimeControl "5400+30"]

1. d4 Nf6 2. c4 g6 3. Nc3 Bg7 4. e4 d6 5. f3 O-O 6. Be3 e5 7. d5 c6 8. Bd3 Nfd7 9. g4 Bh6 10. Bf2 Nc5 11. h4 Qb6 12. Rb1 a5 13. h5 Bf4 14. Nge2 Nbd7 15. Bh4 f6 16. hxg6 hxg6 17. Bf2 Kg7 18. Kf1 Qd8 19. Kg2 Rh8 20. Qc2 Rxh1 21. Rxh1 Bg5 22. Qd1 Nf8 23. Ng3 Nh7 24. Bc2 Qf8 25. Qg1 Bd7 26. Bxc5 dxc5 27. Na4 cxd5 28. Nxc5 dxe4 29. Ngxe4 Rd8 30. Qh2 Qg8 31. Bb3 Bf4 32. Qxh7+ Qxh7 33. Rxh7+ Kxh7 34. Nxf6+ Kg7 35. Nfxd7 Kf7 36. Ba4 Ke7 37. Nxb7 Rh8 38. Nxa5 Rh2+ 39. Kf1 Rxb2 40. Nc5 Rxa2 41. Nc6+ Kd6 42. Ne4+ Kc7 43. Bb5 Kb6 44. Ne7 Ra3 45. Nd5+ Ka5 46. Nec3 Rb3 47. Ke2 Rb2+ 48. Kd1 Rd2+ 49. Ke1 Rd3 50. Nxf4 exf4 51. Ne4 Rxf3 52. Nf6 Kb4 53. Ke2 Re3+ 54. Kf2 Kc5 55. Kg2 g5 56. Kf2 Ra3 57. Ne4+ Kb6 58. Nxg5 Rg3 59. Bd7 Kc7 60. Be6 Re3 61. Bd5 Kd6 62. Ne4+ Ke5 63. Nd2 Rg3 64. Nf3+ Kd6 65. g5 Kc5 66. Ke2 Rh3 67. Kd3 Rh8 68. Ke4 Rf8 69. g6 1-0

[Event "2nd Turkish League 2017"]
[Site "Konya"]
[Date "2017.07.22"]
[Round "8"]
[White "Kahya, Gizem"]
[Black "Keskin, Suara"]
[Result "1-0"]
[ECO "A24"]
[WhiteElo "1634"]
[BlackElo "1716"]
[Annotator "NA"]
[PlyCount "77"]
[EventType "team-tourn"]
[EventCountry "TUR"]
[SourceTitle "playchess.com"]
[Source "ChessBase"]
[SourceQuality "1"]
[TimeControl "5400+30"]

1. Nf3 Nf6 2. g3 g6 3. c4 Bg7 4. Bg2 O-O 5. Nc3 d6 6. O-O e5 7. d3 c6 8. Rb1 Qe7 9. Qc2 h6 10. b4 d5 11. cxd5 Nxd5 12. Nxd5 cxd5 13. e4 dxe4 14. dxe4 Be6 15. Be3 Rc8 16. Qb2 Nd7 17. Rbc1 Bc4 18. Rfd1 Nb6 19. Bxb6 axb6 20. a3 Rc6 21. Rc3 Rac8 22. Rdc1 Qd7 23. Nd2 Be6 24. Rxc6 bxc6 25. Nc4 Qc7 26. Ne3 Qa7 27. Bf1 Bd7 28. Bc4 Be8 29. b5 cxb5 30. Bxf7+ Bxf7 31. Rxc8+ Kh7 32. Nd5 Bxd5 33. exd5 Qd7 34. Qc2 Qxd5 35. Rc6 e4 36. Rxb6 Qd4 37. Re6 Qa1+ 38. Kg2 Qxa3 39. Qxe4 1-0